| TOP OF THE 1ST |
|
Detroit (APP) Tigers batting - Pitching for Greeneville Astros : RHP Mike Wirick
|
|
Pitching: RHP Mike Wirick
|
|
|
Batting: LHB Dave Carlisle
|
0-0: Foul Ball, location: 2F 0-1: Foul Ball, location: 2F 0-2: Ball 1-2: Ground out 4-3 (Groundball, 4, EV 96.9 MPH)
|
|
Batting: RHB Nate Dabney
|
0-0: Fly out, F8 (Line Drive, 8RD, EV 93.1 MPH)
|
|
Batting: LHB Afanasy Zasekin
|
0-0: Ball 1-0: TRIPLE (Flyball, 9LD, EV 97.5 MPH)
|
|
Batting: LHB Isao Fukui
|
0-0: Called Strike 0-1: Ball 1-1: Swinging Strike 1-2: Foul Ball, location: 2F 1-2: Ball 2-2: Fly out, F9 (Flyball, 9LSF, EV 93.8 MPH)
|
| Top of the 1st over - 0 runs, 1 hit, 0 errors, 1 left on base; Detroit (APP) 0 - Greeneville 0 |
| BOTTOM OF THE 1ST |
|
Greeneville Astros batting - Pitching for Detroit (APP) Tigers : RHP Mike Valdivia
|
|
Pitching: RHP Mike Valdivia
|
|
|
Batting: RHB Jason Monico
|
0-0: Ball 1-0: Called Strike 1-1: Ball 2-1: Ball 3-1: Called Strike 3-2: Base on Balls
|
|
Batting: RHB Russ Greer
|
0-0: Foul Ball, location: 2F 0-1: Called Strike 0-2: Ball 1-2: Ball 2-2: Ball 3-2: Base on Balls Jason Monico to second
|
|
Batting: RHB Chris Miller
|
0-0: Ball 1-0: Ball 2-0: Foul Ball, location: 2F 2-1: Ball 3-1: Grounds into double play, 5-4-3 (Groundball, 56S, EV 88.1 MPH) Jason Monico to third
|
|
Batting: RHB Yoshitoshi Mori
|
0-0: Ball 1-0: Swinging Strike 1-1: Ball 2-1: Foul Ball, location: 2F 2-2: Foul Ball, location: 2F 2-2: Strikes out swinging
|
| Bottom of the 1st over - 0 runs, 0 hits, 0 errors, 1 left on base; Detroit (APP) 0 - Greeneville 0 |
| TOP OF THE 2ND |
|
Detroit (APP) Tigers batting - Pitching for Greeneville Astros : RHP Mike Wirick
|
|
Batting: RHB Juan Acero
|
0-0: Ball 1-0: Called Strike 1-1: Ball 2-1: Ball 3-1: Foul Ball, location: 2F 3-2: Foul Ball, location: 2F 3-2: Strikes out looking
|
|
Batting: SHB Jean-Luc Legros
|
0-0: Ball 1-0: Called Strike 1-1: Ball 2-1: Called Strike 2-2: Strikes out swinging
|
|
Batting: RHB Yankel Pensak
|
0-0: Ground out 5-3 (Groundball, 56, EV 96.2 MPH)
|
| Top of the 2nd over - 0 runs, 0 hits, 0 errors, 0 left on base; Detroit (APP) 0 - Greeneville 0 |
| BOTTOM OF THE 2ND |
|
Greeneville Astros batting - Pitching for Detroit (APP) Tigers : RHP Mike Valdivia
|
|
Batting: RHB Erik Smith
|
0-0: Called Strike 0-1: Called Strike 0-2: Strikes out swinging
|
|
Batting: RHB Keith Goodwin
|
0-0: Called Strike 0-1: Called Strike 0-2: Ball 1-2: Foul Ball, location: 2F 1-2: Ground out 4-3 (Groundball, 4, EV 102.5 MPH)
|
|
Batting: RHB Gabe Allen
|
0-0: Hit by Pitch
|
|
Batting: RHB Guo-ning Chen
|
0-0: Called Strike 0-1: Swinging Strike 0-2: Ball 1-2: Ball 2-2: Ball 3-2: 2-RUN HOME RUN (Flyball, 7D, EV 100.0 MPH), Distance : 375 ft
|
|
Batting: SHB Miguel Sierra
|
0-0: Ball 1-0: Ball 2-0: Ball 3-0: Base on Balls
|
|
Batting: RHB Jason Monico
|
0-0: Ball 1-0: Called Strike 1-1: DOUBLE (Flyball, 89D, EV 98.8 MPH) Miguel Sierra to third Runner from 3rd tries for Home, SAFE, throw by RF to home
|
|
Batting: RHB Russ Greer
|
0-0: Foul Ball, location: 2F 0-1: Foul Ball, location: 2F 0-2: Strikes out swinging
|
| Bottom of the 2nd over - 3 runs, 2 hits, 0 errors, 1 left on base; Detroit (APP) 0 - Greeneville 3 |
| TOP OF THE 3RD |
|
Detroit (APP) Tigers batting - Pitching for Greeneville Astros : RHP Mike Wirick
|
|
Batting: LHB Timotheus Young
|
0-0: Ball 1-0: Ball 2-0: Foul Ball, location: 2F 2-1: Ball 3-1: Called Strike 3-2: Base on Balls
|
|
Batting: RHB Adam Fisher
|
0-0: Ball Timotheus Young steals 2nd base 1-0: Fly out, F8 (Flyball, 8RM, EV 92.5 MPH)
|
|
Batting: LHB Dave Carlisle
|
0-0: Called Strike 0-1: Ball 1-1: Called Strike 1-2: Ball 2-2: Fly out, F8 (Flyball, 8LD, EV 93.8 MPH)
|
|
Batting: RHB Nate Dabney
|
0-0: Foul Ball, location: 2F 0-1: Ball 1-1: Foul Ball, location: 2F 1-2: Strikes out looking
|
| Top of the 3rd over - 0 runs, 0 hits, 0 errors, 1 left on base; Detroit (APP) 0 - Greeneville 3 |
| BOTTOM OF THE 3RD |
|
Greeneville Astros batting - Pitching for Detroit (APP) Tigers : RHP Mike Valdivia
|
|
Batting: RHB Chris Miller
|
0-0: Called Strike 0-1: Ball 1-1: Ball 2-1: Foul Ball, location: 2F 2-2: Ball 3-2: SOLO HOME RUN (Flyball, 7D, EV 98.8 MPH), Distance : 384 ft
|
|
Pitching: RHP Alvaro Patino
|
|
|
Batting: RHB Yoshitoshi Mori
|
0-0: Ball 1-0: Ball 2-0: Called Strike 2-1: SINGLE (Groundball, 56D, EV 106.9 MPH)
|
|
Batting: RHB Erik Smith
|
0-0: Ball 1-0: Ball 2-0: Called Strike 2-1: Foul Ball, location: 2F 2-2: Ball 3-2: Foul Ball, location: 2F 3-2: SINGLE (Line Drive, 9S, EV 111.2 MPH) Yoshitoshi Mori to second
|
|
Batting: RHB Keith Goodwin
|
0-0: Called Strike 0-1: Ball 1-1: Foul Ball, location: 2F 1-2: Foul Ball, location: 2F 1-2: SINGLE (Groundball, 4MD, EV 76.9 MPH) (infield hit) Yoshitoshi Mori to third Erik Smith to second
|
|
Batting: RHB Gabe Allen
|
0-0: Foul Ball, location: 2F 0-1: Ball 1-1: Ball 2-1: Ball 3-1: Base on Balls Yoshitoshi Mori scores Erik Smith to third Keith Goodwin to second
|
|
Pitching: RHP Mike Santana
|
|
|
Batting: RHB Guo-ning Chen
|
0-0: Ball 1-0: Ball 2-0: Ball 3-0: Base on Balls Erik Smith scores Keith Goodwin to third Gabe Allen to second
|
|
Batting: SHB Miguel Sierra
|
0-0: Swinging Strike Passed Ball! Keith Goodwin scores Gabe Allen to third Guo-ning Chen to second 0-1: Ground out 4-3 (Groundball, 4, EV 85.0 MPH) Gabe Allen scores Guo-ning Chen to third
|
|
Batting: RHB Jason Monico
|
0-0: Ball Wild Pitch! Guo-ning Chen scores 1-0: SINGLE (Line Drive, 5D, EV 99.4 MPH)
|
|
Batting: RHB Russ Greer
|
0-0: DOUBLE (Line Drive, 78D, EV 100.6 MPH) Jason Monico to third
|
|
Batting: RHB Chris Miller
|
0-0: Called Strike 0-1: Ball 1-1: Ball Wild Pitch! Jason Monico scores Russ Greer to third 2-1: Called Strike 2-2: Foul Ball, location: 2F 2-2: SINGLE (Line Drive, 89S, EV 94.4 MPH) Russ Greer scores
|
|
Batting: RHB Yoshitoshi Mori
|
0-0: Called Strike 0-1: Ball 1-1: Foul Ball, location: 2F 1-2: Ball 2-2: Ball 3-2: Base on Balls Chris Miller to second
|
|
Pitching: RHP Yasutaka Yamasaki
|
|
|
Batting: RHB Erik Smith
|
0-0: Ball 1-0: SINGLE (Line Drive, 89M, EV 103.1 MPH) Chris Miller to third Yoshitoshi Mori to second Runner from 3rd tries for Home, throw by CF and OUT! 8-2
|
|
Batting: RHB Keith Goodwin
|
0-0: Foul Ball, location: 2F 0-1: Swinging Strike 0-2: Hit by Pitch Yoshitoshi Mori to third Erik Smith to second
|
|
Batting: RHB Gabe Allen
|
0-0: Called Strike 0-1: Foul Ball, location: 2F 0-2: Ball 1-2: Ball 2-2: Fly out, F8 (Flyball, 8RD, EV 102.5 MPH)
|
| Bottom of the 3rd over - 8 runs, 8 hits, 0 errors, 3 left on base; Detroit (APP) 0 - Greeneville 11 |
| TOP OF THE 4TH |
|
Detroit (APP) Tigers batting - Pitching for Greeneville Astros : RHP Mike Wirick
|
|
Batting: LHB Afanasy Zasekin
|
0-0: Ball 1-0: Called Strike 1-1: Swinging Strike 1-2: Foul Ball, location: 2F 1-2: Strikes out swinging
|
|
Batting: LHB Isao Fukui
|
0-0: Ground out 4-3 (Groundball, 4, EV 83.1 MPH)
|
|
Batting: RHB Juan Acero
|
0-0: Ball 1-0: Called Strike 1-1: Called Strike 1-2: Ball 2-2: Foul Ball, location: 2F 2-2: Ball 3-2: Foul Ball, location: 2F 3-2: Strikes out swinging
|
| Top of the 4th over - 0 runs, 0 hits, 0 errors, 0 left on base; Detroit (APP) 0 - Greeneville 11 |
| BOTTOM OF THE 4TH |
|
Greeneville Astros batting - Pitching for Detroit (APP) Tigers : RHP Yasutaka Yamasaki
|
|
Batting: RHB Guo-ning Chen
|
0-0: Called Strike 0-1: Foul Ball, location: 2F 0-2: Strikes out looking
|
|
Batting: SHB Miguel Sierra
|
0-0: Ball 1-0: Called Strike 1-1: Foul Ball, location: 2F 1-2: SINGLE (Groundball, 4D, EV 106.9 MPH)
|
|
Batting: RHB Jason Monico
|
0-0: Called Strike 0-1: Called Strike 0-2: Foul Ball, location: 2F 0-2: Ball 1-2: Ball 2-2: Strikes out swinging
|
|
Batting: RHB Russ Greer
|
0-0: Ball 1-0: DOUBLE (Flyball, 89D, EV 103.1 MPH) Miguel Sierra to third
|
|
Batting: RHB Chris Miller
|
0-0: Ball 1-0: Ball 2-0: Called Strike 2-1: Ball 3-1: Foul Ball, location: 2F 3-2: Base on Balls
|
|
Batting: RHB Yoshitoshi Mori
|
0-0: Fielders Choice at 2nd, 5-4 (Groundball, 56, EV 85.6 MPH)
|
| Bottom of the 4th over - 0 runs, 2 hits, 0 errors, 3 left on base; Detroit (APP) 0 - Greeneville 11 |
| TOP OF THE 5TH |
|
Detroit (APP) Tigers batting - Pitching for Greeneville Astros : RHP Mike Wirick
|
|
Batting: SHB Jean-Luc Legros
|
0-0: Foul Ball, location: 2F 0-1: Ball 1-1: Fly out, F7 (Flyball, 7S, EV 80.0 MPH)
|
|
Batting: RHB Yankel Pensak
|
0-0: DOUBLE (Popup, 6MD, EV 62.5 MPH)
|
|
Batting: LHB Timotheus Young
|
0-0: Ground out 4-3 (Groundball, 4, EV 84.4 MPH) Yankel Pensak to third
|
|
Batting: RHB Adam Fisher
|
0-0: Ball 1-0: SINGLE (Groundball, 6M, EV 100.6 MPH) (infield hit) Yankel Pensak scores
|
|
Batting: LHB Dave Carlisle
|
0-0: Called Strike 0-1: Ball 1-1: Fly out, F6 (Popup, 6, EV 82.5 MPH)
|
| Top of the 5th over - 1 run, 2 hits, 0 errors, 1 left on base; Detroit (APP) 1 - Greeneville 11 |
| BOTTOM OF THE 5TH |
|
Greeneville Astros batting - Pitching for Detroit (APP) Tigers : RHP Yasutaka Yamasaki
|
|
Batting: RHB Erik Smith
|
0-0: SINGLE (Groundball, 56D, EV 110.0 MPH)
|
|
Batting: RHB Keith Goodwin
|
0-0: Foul Ball, location: 2F 0-1: Swinging Strike 0-2: Fly out, F3 (Popup, 3S, EV 75.6 MPH)
|
|
Batting: RHB Gabe Allen
|
0-0: Ball 1-0: Ball 2-0: Called Strike 2-1: Grounds into double play, 5-4-3 (Groundball, 5, EV 82.5 MPH)
|
| Bottom of the 5th over - 0 runs, 1 hit, 0 errors, 0 left on base; Detroit (APP) 1 - Greeneville 11 |
| TOP OF THE 6TH |
|
Detroit (APP) Tigers batting - Pitching for Greeneville Astros : RHP Mike Wirick
|
|
Batting: RHB Nate Dabney
|
0-0: Swinging Strike 0-1: Fly out, F8 (Line Drive, 8LD, EV 93.1 MPH)
|
|
Batting: LHB Afanasy Zasekin
|
0-0: Ball 1-0: Ball 2-0: Foul Ball, location: 2F 2-1: Ball 3-1: Called Strike 3-2: Foul Ball, location: 2F 3-2: Strikes out swinging
|
|
Batting: LHB Isao Fukui
|
0-0: Ground out 1-3 (Groundball, 13S, EV 72.5 MPH)
|
| Top of the 6th over - 0 runs, 0 hits, 0 errors, 0 left on base; Detroit (APP) 1 - Greeneville 11 |
| BOTTOM OF THE 6TH |
|
Greeneville Astros batting - Pitching for Detroit (APP) Tigers : RHP Yasutaka Yamasaki
|
|
Batting: RHB Guo-ning Chen
|
0-0: Foul Ball, location: 2F 0-1: Ball 1-1: Foul Ball, location: 2F 1-2: Strikes out looking
|
|
Batting: SHB Miguel Sierra
|
0-0: Ball 1-0: Foul Ball, location: 2F 1-1: Fly out, F8 (Flyball, 8LD, EV 105.0 MPH)
|
|
Pitching: RHP Malcolm Holz
|
|
|
Batting: RHB Jason Monico
|
0-0: Called Strike 0-1: Called Strike 0-2: Foul Ball, location: 2F 0-2: SOLO HOME RUN (Flyball, 78XD, EV 104.4 MPH), Distance : 403 ft
|
|
Batting: RHB Russ Greer
|
0-0: Called Strike 0-1: Ball 1-1: Ball 2-1: Called Strike 2-2: SOLO HOME RUN (Flyball, 7LD, EV 96.9 MPH), Distance : 349 ft
|
|
Batting: RHB Chris Miller
|
0-0: Called Strike 0-1: Ball 1-1: SINGLE (Groundball, 6MD, EV 111.9 MPH)
|
|
Batting: RHB Yoshitoshi Mori
|
0-0: Ball 1-0: Ball 2-0: Called Strike 2-1: Swinging Strike 2-2: Hit by Pitch Chris Miller to second
|
|
Batting: RHB Erik Smith
|
0-0: Called Strike 0-1: Ball 1-1: Ball 2-1: 3-RUN HOME RUN (Flyball, 7D, EV 102.5 MPH), Distance : 397 ft
|
|
Pitching: RHP Matt Haberle
|
|
|
Batting: RHB Keith Goodwin
|
0-0: Ground out 6-3 (Groundball, 56, EV 84.4 MPH)
|
| Bottom of the 6th over - 5 runs, 4 hits, 0 errors, 0 left on base; Detroit (APP) 1 - Greeneville 16 |
| TOP OF THE 7TH |
|
Detroit (APP) Tigers batting - Pitching for Greeneville Astros : RHP Mike Wirick
|
|
Batting: RHB Juan Acero
|
0-0: Called Strike 0-1: Swinging Strike 0-2: Strikes out looking
|
|
Batting: SHB Jean-Luc Legros
|
0-0: Ball 1-0: Ball 2-0: Called Strike 2-1: Ball 3-1: Base on Balls
|
|
Batting: RHB Yankel Pensak
|
0-0: DOUBLE (Line Drive, 7LS, EV 107.5 MPH) Jean-Luc Legros to third
|
|
Batting: LHB Timotheus Young
|
0-0: Swinging Strike 0-1: Foul Ball, location: 2F 0-2: Strikes out swinging
|
|
Pitching: RHP Max Warburton
|
|
|
Batting: RHB Adam Fisher
|
0-0: Foul Ball, location: 2F 0-1: Ground out 5-3 (Groundball, 56, EV 98.8 MPH)
|
| Top of the 7th over - 0 runs, 1 hit, 0 errors, 2 left on base; Detroit (APP) 1 - Greeneville 16 |
| BOTTOM OF THE 7TH |
|
Greeneville Astros batting - Pitching for Detroit (APP) Tigers : RHP Matt Haberle
|
|
Batting: RHB Gabe Allen
|
0-0: Ball 1-0: Called Strike 1-1: Foul Ball, location: 2F 1-2: Foul Ball, location: 2F 1-2: Ball 2-2: Fly out, F8 (Flyball, 89M, EV 86.9 MPH)
|
|
Batting: RHB Guo-ning Chen
|
0-0: Ball 1-0: Called Strike 1-1: Ball 2-1: Foul Ball, location: 2F 2-2: Strikes out swinging
|
|
Batting: SHB Miguel Sierra
|
0-0: Fly out, F8 (Flyball, 8RXD, EV 107.5 MPH)
|
| Bottom of the 7th over - 0 runs, 0 hits, 0 errors, 0 left on base; Detroit (APP) 1 - Greeneville 16 |
| TOP OF THE 8TH |
|
Detroit (APP) Tigers batting - Pitching for Greeneville Astros : RHP Max Warburton
|
|
Batting: LHB Dave Carlisle
|
0-0: Ball 1-0: Ball 2-0: Ball 3-0: Called Strike 3-1: Base on Balls
|
|
Batting: RHB Nate Dabney
|
0-0: Ball 1-0: Ball 2-0: Foul Ball, location: 2F 2-1: Fly out, F8 (Line Drive, 8RD, EV 84.4 MPH)
|
|
Batting: LHB Afanasy Zasekin
|
0-0: Foul Ball, location: 2F 0-1: Swinging Strike 0-2: Ball 1-2: Ball 2-2: Strikes out swinging
|
|
Batting: LHB Isao Fukui
|
0-0: Ball Wild Pitch! Dave Carlisle to second 1-0: Called Strike 1-1: Ball 2-1: Ball 3-1: Called Strike 3-2: Foul Ball, location: 2F 3-2: Fly out, F7 (Flyball, 7S, EV 86.2 MPH)
|
| Top of the 8th over - 0 runs, 0 hits, 0 errors, 1 left on base; Detroit (APP) 1 - Greeneville 16 |
| BOTTOM OF THE 8TH |
|
Greeneville Astros batting - Pitching for Detroit (APP) Tigers : RHP Matt Haberle
|
|
Batting: RHB Jason Monico
|
0-0: Called Strike 0-1: SINGLE (Groundball, 5S, EV 75.6 MPH) (infield hit)
|
|
Batting: RHB Russ Greer
|
0-0: Called Strike 0-1: Swinging Strike 0-2: Ball 1-2: Ball 2-2: Ball 3-2: Foul Ball, location: 2F 3-2: Foul Ball, location: 2F 3-2: Base on Balls Jason Monico to second
|
|
Pitching: RHP Chris Wilkerson
|
|
|
Batting: RHB Chris Miller
|
0-0: Ball 1-0: Called Strike 1-1: Swinging Strike 1-2: Ball 2-2: Ball 3-2: Fly out, F8 (Flyball, 8LD, EV 101.9 MPH)
|
|
Batting: RHB Yoshitoshi Mori
|
0-0: Ball 1-0: 3-RUN HOME RUN (Flyball, 7D, EV 96.2 MPH), Distance : 392 ft
|
|
Batting: RHB Erik Smith
|
0-0: Called Strike 0-1: Foul Ball, location: 2F 0-2: Ball 1-2: Ball 2-2: Foul Ball, location: 2F 2-2: Foul Ball, location: 2F 2-2: Strikes out looking
|
|
Batting: RHB Keith Goodwin
|
0-0: Called Strike 0-1: Foul Ball, location: 2F 0-2: Ball 1-2: Foul Ball, location: 2F 1-2: Strikes out swinging, 2-3 out at first.
|
| Bottom of the 8th over - 3 runs, 2 hits, 0 errors, 0 left on base; Detroit (APP) 1 - Greeneville 19 |
| TOP OF THE 9TH |
|
Detroit (APP) Tigers batting - Pitching for Greeneville Astros : RHP Max Warburton
|
|
Batting: RHB Juan Acero
|
0-0: Foul Ball, location: 2F 0-1: Ball 1-1: Ball 2-1: Foul Ball, location: 2F 2-2: Ball 3-2: Base on Balls
|
|
Batting: SHB Jean-Luc Legros
|
0-0: Ball 1-0: Called Strike 1-1: Foul Ball, location: 2F 1-2: Foul Ball, location: 2F 1-2: Foul Ball, location: 2F 1-2: Ball 2-2: Strikes out swinging
|
|
Batting: RHB Yankel Pensak
|
0-0: Swinging Strike 0-1: Ball Passed Ball! Juan Acero to second 1-1: Swinging Strike 1-2: Ball 2-2: Ball 3-2: Strikes out looking
|
|
Batting: LHB Timotheus Young
|
0-0: Ball 1-0: Swinging Strike 1-1: Ground out 3-1 (Groundball, 34, EV 90.6 MPH)
|
| Top of the 9th over - 0 runs, 0 hits, 0 errors, 1 left on base; Detroit (APP) 1 - Greeneville 19 |
|